 Dungeon Crawl Stone Soup version 0.15.2 (webtiles) character file.

58796 magipi the Severer (level 14, -6/86 HPs)
             Began as a Hill Orc Gladiator on Aug 27, 2015.
             Was the Champion of Qazlal.
             Mangled by a lorocyproca (21 damage)
             ... on Level 1 of the Abyss.
             The game lasted 01:53:29 (22014 turns).

magipi the Severer (Hill Orc Gladiator)            Turns: 22014, Time: 01:53:30

HP  -6/86        AC 30     Str 17 (18) XL: 14   Next: 92%
MP   0/27        EV  7     Int  7      God: Qazlal [******]
Gold 1239        SH  8     Dex 10      Spells:  0 memorised, 13 levels left

rFire  + . .     SeeInvis .     a - +6 executioner's axe (drain)
rCold  . . .     Clarity  .     r - +6 chain mail of the Frog {rElec Str+1 Slay+3}
rNeg   . . .     rCorr    .     (no shield)
rPois  .         rRot     .     t - +1 helmet
rElec  +         Spirit   .     j - +2 cloak
SustAb .         Warding  .     R - +1 pair of gloves
rMut   .         Rnd*Tele +     Q - +2 pair of boots {Fly}
Gourm  .                        (no amulet)
MR     +....                    f - ring of protection from fire
                                (no ring)

@: exhausted, about to teleport, very slightly contaminated, non-regenerating,
diseased, slowed, repel missiles, very slow, somewhat resistant to hostile
enchantments, extremely unstealthy
A: clumsy 2, deterioration 1, dopey 1, frail 3, low mp 1, screaming 1,
teleportitis 2, weak 1, forlorn
a: Upheaval, Elemental Force, Disaster Area, Renounce Religion, Evoke Flight


You were on level 1 of the Abyss.
You worshipped Qazlal.
Qazlal was exalted by your worship.
You were near starving.

You visited 3 branches of the dungeon, and saw 21 of its levels.
You visited the Abyss 1 time.

You collected 1369 gold pieces.
You spent 130 gold pieces at shops.

Inventory:

Hand weapons
 a - a +6 executioner's axe of draining (weapon)
 b - a +0 blowgun
Missiles
 e - 16 curare-tipped needles
 g - 2 throwing nets (quivered)
 o - 68 poisoned needles
 J - 15 javelins
Armour
 j - a +2 cloak (worn)
 r - the +6 chain mail of the Frog (worn) {rElec Str+1 Slay+3}
   (You found it on level 5 of the Dungeon)

   It affects your strength (+1).
   It affects your accuracy and damage with ranged weapons and melee attacks
   (+3).
   It insulates you from electricity.
 t - a +1 helmet (worn)
 Q - a +2 pair of boots of flying (worn)
 R - a +1 pair of gloves (worn)
Magical devices
 h - a wand of confusion (8)
 I - a wand of cold (6)
 P - a wand of digging (4)
 S - a wand of magic darts (4)
 V - a wand of enslavement (16)
 W - a wand of paralysis (12)
Comestibles
 d - 7 meat rations
 v - 11 fruits
 w - 11 bread rations
 C - 9 slices of pizza
 K - a royal jelly
Scrolls
 m - 4 scrolls of magic mapping
 q - 7 scrolls of recharging
 s - 2 scrolls of immolation
 y - a scroll of noise
 D - a scroll of fog
 H - 12 scrolls of remove curse
 U - 2 scrolls of teleportation
 Y - 4 scrolls of identify
Jewellery
 c - an uncursed ring of protection from cold
 f - a ring of protection from fire (right hand)
 i - an uncursed ring of see invisible
 n - an uncursed ring of positive energy
 p - an uncursed ring of poison resistance
Potions
 k - 2 potions of magic
 l - a potion of berserk rage
 u - 10 potions of curing
 x - 3 potions of brilliance
 z - 3 potions of might
 A - 2 potions of restore abilities
 B - 2 potions of resistance
 E - a potion of heal wounds
 F - 2 potions of flight
 G - a potion of haste
 X - a potion of agility
Books
 L - a book of Wizardry

   Spells                             Type                      Level
   Agony                              Necromancy                   5
   Force Lance                        Conjuration                  5
   Dispersal                          Translocation                6
   Haste                              Charms                       6
   Invisibility                       Hexes                        6
   Spellforged Servitor               Conjuration/Summoning        7
 O - a book of Battle

   Spells                             Type                      Level
   Infusion                           Charms                       1
   Shroud of Golubria                 Charms/Translocation         2
   Song of Slaying                    Charms                       2
   Spectral Weapon                    Hexes/Charms                 3
   Regeneration                       Charms/Necromancy            3


   Skills:
 - Level 11.0 Fighting
 - Level 20.5 Axes
 - Level 2.0 Throwing
 + Level 11.5 Armour
 + Level 4.8 Dodging
 - Level 13.5 Invocations
 - Level 7.3 Evocations


You had 13 spell levels left.
You didn't know any spells.

Dungeon Overview and Level Annotations

Branches:
Dungeon (12/15)            Temple (0/1) D:7             Orc (1/4) D:10
   Lair (8/8) D:11         Shoals (0/5) Lair:5        Snake (0/5) Lair:5
  Slime (0/6) Lair:8

Altars:
Dithmenos
Kikubaaqudgha
Qazlal
Sif Muna
Trog
Xom
The Shining One
Jiyva

Shops:
D:4 ?   D:7 *   D:10 (

Annotations:
D:3 comborobin's ghost, average HOGl
Orc:1 Erolcha
Lair:8 exclusion: oklob plant


Innate Abilities, Weirdness & Mutations

[You are very clumsy. (Dex -4)]
[Your body is slowly deteriorating.]
[You are dopey. (Int -2)]
[You are extremely frail (-30% HP).]
[Your magical capacity is low (-10% MP).]
[You occasionally shout uncontrollably at your foes.]
[Space sometimes distorts in your vicinity.]
[You are weak. (Str -2)]
[You have difficulty communicating with the divine.]

Vault maps used:
D:1:      tarquinn_simple_flora_water_a
D:2:      first_bread
D:3:      lemuel_upstairs_altar
D:4:      lemuel_round_altar, serial_shops, shop, kennysheep_small_square,
          uniq_grinder
D:5:      lemuel_doored_altar
D:6:      wad_lake_hut, gammafunk_temple_overflow_wave
D:7:      minmay_temple_entry_purple_smoke, serial_shops, shop_fountains
D:8:      grunt_livestock, hangedman_decor_growths
D:9:      tso_oasis_becter, bloody_trog
D:10:     david_orc_2, serial_shops, nicolae_shop_window_shopping
D:11:     david_lair_shrubbed
D:12:     minmay_blocking_statues, uniq_harold
Orc:1:    basic_altar, uniq_erolcha, uniq_joseph
Lair:1:   infiniplex_staircase_pool_2
Lair:3:   minivault_19, nicolae_quartered_pool_super, minmay_stone_trees_small,
          lemuel_fruit_fields
Lair:4:   basic_altar
Lair:5:   elwin_shoals_entry_rocks, minmay_snake_entry_guardpost_small,
          basic_altar, serial_bayou_shore_b
Lair:6:   uniq_nergalle
Lair:7:   nicolae_lair_grove_arrangements, bobbens_dragon_lair_wall, uniq_snorg
Lair:8:   minmay_lair_end_enchanted_forest, slime_altar_1,
          minmay_stone_trees_large, minmay_lair_oklob_bushes, grunt_megastairs_2


Message History

Qazlal accepts your kill.
You slash the chaos spawn!
The chaos spawn is heavily wounded.
The chaos spawn hits you.
You fade into invisibility!
You are very lightly contaminated with residual magic.
You slice the chaos spawn!!
You kill the chaos spawn!
Qazlal accepts your kill.
The chaos spawn degenerates into a cloud of primal chaos!
You feel a strong urge to attack something.
You are no longer berserk.
You are exhausted.
You feel yourself slow down.
You are near starving!
The wretched star glows turbulently.
The orb of energy hits you!
* * * LOW HITPOINT WARNING * * *
Drink which item? (? for menu, Esc to quit)
You feel much better.
Unknown command.
You slice the wretched star!!
The wretched star is heavily damaged.
You slice the wretched star!!
The wretched star is almost destroyed.
The wretched star is struck by lightning.
You destroy the wretched star!
You feel the corruption within you wane somewhat.
Your natural healing is strengthened.
Your system completely accepts artificial healing.
You feel a little more calm.
Your natural healing is strengthened.
You feel more energetic.
Your magic regains its normal vibrancy.
Your vision sharpens.
You feel more energetic.
You feel ill.
You feel ill. You block the ancient zyme's attack.
The ancient zyme hits you but does no damage.
You slash the ancient zyme!
The ancient zyme is lightly damaged.
You block the ancient zyme's attack.
The ancient zyme hits you but does no damage.
You feel ill.
You barely miss the ancient zyme.
The ancient zyme is lightly damaged.
The ancient zyme hits you but does no damage. x2
You block the ancient zyme's attack. The ancient zyme barely misses you.
You slash the ancient zyme!
The ancient zyme is moderately damaged.
You flicker for a moment.
The ancient zyme hits you.
* * * LOW HITPOINT WARNING * * *
The ancient zyme hits you but does no damage.
You slash the ancient zyme!
The ancient zyme is heavily damaged.
The ancient zyme is engulfed in roaring flames.
You block the ancient zyme's attack. The ancient zyme hits you.
* * * LOW HITPOINT WARNING * * *
The ancient zyme is engulfed in roaring flames.
You destroy the ancient zyme!
You start resting.
You flicker back into view.
You start resting.
Something hits you but does no damage.
Deactivating autopickup; reactivate with Ctrl-A.
You start resting.
Something hits you!
* * * LOW HITPOINT WARNING * * *
You feel your power leaking away. Something hits you but does no damage.
Unknown command.
Drink which item? (? for menu, Esc to quit)
You feel much better. Something hits you but does no damage.
An iron imp comes into view.
Read which item? (? for menu, Esc to quit)
As you read the scroll of teleportation, it crumbles to dust.
You feel strangely unstable.
You feel the power of the Abyss delaying your translocation.
The iron imp shouts!
Something hits you!
* * * LOW HITPOINT WARNING * * *
You feel your power leaking away. Something hits you.
* * * LOW HITPOINT WARNING * * *
You feel your power leaking away.
Drink which item? (? for menu, Esc to quit)
You feel much better. Something hits you but does no damage.
A neqoxec comes into view.
Read which item? (? for menu, Esc to quit)
Okay, then.
Something hits you but does no damage. Something hits you!!
* * * LOW HITPOINT WARNING * * *
You feel your power leaking away.
Unknown command.
Put on which piece of jewellery? (? for menu, Esc to quit)
You're wearing all the rings you can.
Remove which one? (? for menu, Esc to cancel) < or
c - a ring of protection from cold > or
f - a ring of protection from fire You remove your ring of protection from cold.
Something hits you!!
You die...

#...... ..#. #
_ ###..... ..
. .. . #
###..3x.. ..#
. ...
.........##
##. ###
#.#..#. .####.
# #.....§§
...#..#.#
##...5.###...#
..
##..##..####..
...# #..#@§##
..## # #. #..#
.# . . . ..##
. .##.. #.##
.. # .. ...
... #... .


There were no monsters in sight!

Table legend:
 A = Kills in this place as a percentage of kills in entire the game.
 B = Kills by you in this place as a percentage of kills by you in the entire game.
 C = Kills by friends in this place as a percentage of kills by friends in the entire game.
 D = Other kills in this place as a percentage of other kills in the entire game.
 E = Experience gained in this place as a percentage of experience gained in the entire game.
 F = Experience gained in this place divided by the number of levels of this place that you have seen.
                   A       B       C       D       E      F
               +-------+-------+-------+-------+-------+----------------------
         Total | 100.0 | 100.0 |  -nan |  -nan | 100.0 | 3818.0
       Dungeon |  49.3 |  49.3 |  -nan |  -nan |  23.0 | 1613.3
          Lair |  48.4 |  48.4 |  -nan |  -nan |  68.7 | 7217.6
         Abyss |   2.4 |   2.4 |  -nan |  -nan |   8.2 | 6894.0
               +-------+-------+-------+-------+-------+----------------------

Vanquished Creatures
  Snorg (Lair:7)
  A fire dragon (Lair:7)
  5 hydras
  Harold (D:12)
  A rakshasa (Abyss:1)
  Nergalle (Lair:6)
  A catoblepas (Lair:5)
  3 wretched stars (Abyss:1)
  A fire crab (Lair:8)
  A skeletal warrior (D:12)
  2 large abominations (Abyss:1)
  A hill giant (D:11)
  A wolf spider (Lair:8)
  A manticore (D:12)
  3 griffons
  A cyclops (D:12)
  A centaur zombie (D:12)
  A black mamba (Lair:5)
  4 elephants (Lair:8)
  A gargoyle (D:12)
  8 komodo dragons
  9 spiny frogs
  Grinder (D:4)
  2 ancient zymes (Abyss:1)
  2 spriggan druids (Lair:8)
  6 fire drakes
  10 polar bears (Lair:8)
  4 trolls
  2 two-headed ogres (D:12)
  23 blink frogs
  3 basilisks
  A boulder beetle (D:12)
  3 raiju (Abyss:1)
  36 yaks
  3 wyverns
  A wraith (D:12)
  9 spriggans (Lair:8)
  A human (D:8)
  8 redbacks (Lair:8)
  A hungry ghost (D:12)
  A deep elf mage (D:11)
  A hog (D:8)
  A vampire mosquito (D:12)
  10 hippogriffs
  2 hill giant zombies (D:12)
  A deep elf fighter (D:12)
  A chaos spawn (Abyss:1)
  2 hill giant skeletons
  26 wolves
  4 nagas
  13 porcupines
  14 water moccasins
  3 small abominations (Abyss:1)
  3 ice beasts
  3 yellow wasps (Lair:8)
  8 black bears
  4 orc warriors
  10 crocodiles
  A boring beetle (Lair:6)
  2 sky beasts (D:10)
  3 ogres
  3 phantoms
  4 centaurs
  3 big kobolds
  A brain worm (D:11)
  A cyclops zombie (D:11)
  9 giant frogs
  An eye of draining (D:11)
  A cyclops skeleton (D:11)
  A hippogriff zombie (D:10)
  2 yak zombies
  4 scorpions
  11 killer bees
  An electric eel (D:6)
  6 crimson imps
  A goliath beetle (D:10)
  4 jellies
  5 orc priests
  2 giant frog skeletons
  7 worker ants
  11 hounds
  3 gnoll shamans
  6 iguanas
  5 orc wizards
  26 sheep
  An ogre zombie (D:7)
  A mottled dragon skeleton (D:12)
  32 adders
  17 gnolls
  59 green rats
  An orc zombie (D:11)
  A gnoll zombie (D:9)
  2 shadow imps
  2 giant mites
  A worm (D:2)
  An adder skeleton (D:6)
  10 giant geckos
  54 orcs
  A bat skeleton (D:5)
  2 giant cockroaches
  8 goblins
  8 hobgoblins
  11 jackals
  8 quokkas
  8 bats
  2 giant newts
  27 kobolds
  14 rats
  A rat skeleton (D:6)
  55 fungi
  37 plants
760 creatures vanquished.

Vanquished Creatures (others)
  A jackal (D:6)
  10 fungi
  4 plants
15 creatures vanquished.

Grand Total: 775 creatures vanquished

Notes
Turn   | Place    | Note
--------------------------------------------------------------
     0 | D:1      | magipi, the Hill Orc Gladiator, began the quest for the Orb.
     0 | D:1      | Reached XP level 1. HP: 18/18 MP: 1/1
   207 | D:1      | Reached XP level 2. HP: 25/25 MP: 2/2
   316 | D:1      | Reached skill level 5 in Axes
   491 | D:1      | Reached XP level 3. HP: 21/30 MP: 3/3
   887 | D:2      | Reached skill level 6 in Axes
   919 | D:2      | Reached XP level 4. HP: 12/37 MP: 4/4
  1936 | D:3      | Noticed comborobin's ghost (average HOGl)
  2053 | D:3      | Reached skill level 7 in Axes
  2219 | D:3      | Reached XP level 5. HP: 44/44 MP: 5/5
  3196 | D:4      | Noticed an ogre
  3208 | D:4      | Reached XP level 6. HP: 36/52 MP: 6/6
  3214 | D:4      | Killed an ogre
  3214 | D:4      | Reached skill level 8 in Axes
  3562 | D:4      | Found a deep blue altar of Sif Muna.
  3577 | D:4      | Reached skill level 5 in Fighting
  3577 | D:4      | Reached XP level 7. HP: 28/61 MP: 7/7
  4116 | D:4      | Found Hasurou's Magic Scroll Shoppe.
  4205 | D:4      | Reached skill level 9 in Axes
  4521 | D:3      | Found a shimmering altar of Xom.
  4578 | D:4      | Noticed Grinder
  4659 | D:4      | Paralysed by Grinder for 2 turns
  4682 | D:4      | Killed Grinder
  4682 | D:4      | Reached skill level 10 in Axes
  4682 | D:4      | Reached XP level 8. HP: 47/73 MP: 8/8
  4823 | D:4      | Bought a scroll of identify for 26 gold pieces
  4823 | D:4      | Bought a scroll of identify for 26 gold pieces
  4837 | D:5      | Entered Level 5 of the Dungeon
  5007 | D:5      | Found a shadowy altar of Dithmenos.
  5026 | D:5      | Got a jewelled chain mail
  6220 | D:6      | Reached skill level 11 in Axes
  6220 | D:6      | Reached skill level 1 in Armour
  6308 | D:6      | Identified the +6 chain mail of the Frog {rElec Str+1 Slay+3} (You found it on level 5 of the Dungeon)
  6481 | D:6      | Found a stormy altar of Qazlal.
  6481 | D:6      | Found an ancient bone altar of Kikubaaqudgha.
  6588 | D:6      | Became a worshipper of Qazlal Stormbringer
  6899 | D:6      | Reached XP level 9. HP: 53/81 MP: 9/9
  7205 | D:7      | Found a staircase to the Ecumenical Temple.
  7547 | D:7      | Found Zaoseab's General Store.
  7563 | D:7      | Bought a +0 pair of gloves for 54 gold pieces
  7563 | D:7      | Bought a scroll of identify for 24 gold pieces
  7988 | D:7      | Reached skill level 12 in Axes
  8213 | D:7      | Reached skill level 5 in Armour
  8790 | D:8      | Reached skill level 13 in Axes
  9007 | D:8      | Acquired Qazlal's first power
  9358 | D:8      | Reached XP level 10. HP: 74/88 MP: 10/10
  9732 | D:9      | Found a bloodstained altar of Trog.
 10036 | D:9      | Found a glowing golden altar of the Shining One.
 10300 | D:10     | Entered Level 10 of the Dungeon
 10359 | D:10     | Acquired Qazlal's second power
 10560 | D:10     | Reached skill level 14 in Axes
 10706 | D:10     | Reached skill level 1 in Evocations
 10739 | D:10     | Found a staircase to the Orcish Mines.
 11128 | D:10     | Found Piabot's Weapon Boutique.
 11603 | D:11     | Acquired Qazlal's third power
 11678 | D:11     | Reached skill level 5 in Evocations
 11682 | D:11     | Reached XP level 11. HP: 69/94 MP: 19/19
 11690 | D:11     | Reached skill level 10 in Armour
 11846 | D:11     | Reached skill level 1 in Invocations
 11890 | D:11     | Noticed a hill giant
 11903 | D:11     | Killed a hill giant
 12137 | D:11     | Found a staircase to the Lair.
 12243 | Lair:1   | Entered Level 1 of the Lair of Beasts
 12456 | Lair:1   | Identified a scroll of acquirement
 12513 | Lair:1   | Reached skill level 5 in Invocations
 12713 | Lair:1   | Acquired Qazlal's fourth power
 13580 | Lair:2   | Noticed a seven-headed hydra
 13593 | Lair:2   | Killed a seven-headed hydra
 14154 | Lair:3   | Reached skill level 10 in Invocations
 15093 | Lair:3   | Reached XP level 12. HP: 101/101 MP: 26/26
 15196 | Lair:4   | Acquired Qazlal's fifth power
 15567 | Lair:4   | Found a shimmering altar of Xom.
 16552 | Lair:5   | Found a staircase to the Snake Pit.
 16562 | Lair:5   | Found a staircase to the Shoals.
 16610 | Lair:5   | Found a shadowy altar of Dithmenos.
 16821 | Lair:6   | Reached skill level 15 in Axes
 16877 | Lair:6   | Reached skill level 10 in Fighting
 16960 | Lair:6   | Reached XP level 13. HP: 113/113 MP: 29/29
 17342 | Lair:6   | Noticed Nergalle
 17351 | Lair:6   | Killed Nergalle
 17709 | Lair:7   | Reached skill level 16 in Axes
 18108 | Lair:7   | Noticed Snorg
 18122 | Lair:7   | Killed Snorg
 18122 | Lair:7   | Reached skill level 17 in Axes
 18859 | Lair:8   | Entered Level 8 of the Lair of Beasts
 18859 | Lair:8   | Found a viscous altar of Jiyva.
 19260 | Lair:7   | Reached skill level 18 in Axes
 19457 | Lair:8   | Found a staircase to the Slime Pits.
 19461 | Lair:8   | Reached XP level 14. HP: 111/124 MP: 30/30
 19486 | Lair:8   | Got a transparent leather armour
 19498 | Lair:8   | Identified the cursed +3 leather armour of Indemnity {rF+ Dex+2} (You found it on level 8 of the Lair of Beasts)
 19524 | Lair:8   | Reached skill level 19 in Axes
 20179 | Lair:8   | Reached skill level 20 in Axes
 21098 | D:12     | Noticed Harold
 21121 | D:12     | Killed Harold
 21798 | Orc:1    | Entered Level 1 of the Orcish Mines
 21802 | Orc:1    | Noticed Erolcha
 21804 | Orc:1    | Cast into the Abyss (Erolcha)
 21973 | Abyss:1  | Found a corrupted altar of Lugonu.
 22007 | Abyss:1  | HP: 4/86 [something (15)]
 22014 | Abyss:1  | Mangled by a lorocyproca

Action                   |  1- 3 |  4- 6 |  7- 9 | 10-12 | 13-15 || total
-------------------------+-------+-------+-------+-------+-------++-------
Melee: War axe           |    91 |   156 |   386 |       |       ||   633
       Broad axe         |       |       |    79 |    93 |       ||   172
       Battleaxe         |       |       |       |   224 |       ||   224
       Executioner's axe |       |       |       |   333 |   483 ||   816
 Fire: Blowgun           |       |       |     2 |     4 |     6 ||    12
Throw: Throwing net      |       |     2 |     3 |     2 |       ||     7
       Tomahawk          |       |     1 |     2 |       |       ||     3
       Javelin           |       |       |       |     1 |     3 ||     4
Invok: Upheaval          |       |       |       |       |     4 ||     4
 Abil: Stop Flying       |       |       |       |     1 |       ||     1
Evoke: Wand              |       |       |     5 |    11 |    17 ||    33
  Use: Scroll            |       |     9 |    14 |    10 |     9 ||    42
       Potion            |       |     1 |     1 |       |     4 ||     6
 Stab: Held in net/web   |       |       |     2 |     2 |       ||     4
  Eat: Chunk             |       |     9 |    15 |    22 |     8 ||    54
       Beef jerky        |       |       |     1 |     1 |     5 ||     7
       Pizza             |       |       |     1 |       |       ||     1
       Royal jelly       |       |       |       |     1 |       ||     1

Action                   |  1- 3 |  4- 6 |  7- 9 | 10-12 | 13-15 || total
-------------------------+-------+-------+-------+-------+-------++-------
Melee: War axe           |    91 |   156 |   386 |       |       ||   633
       Broad axe         |       |       |    79 |    93 |       ||   172
       Battleaxe         |       |       |       |   224 |       ||   224
       Executioner's axe |       |       |       |   333 |   483 ||   816
 Fire: Blowgun           |       |       |     2 |     4 |     6 ||    12
Throw: Throwing net      |       |     2 |     3 |     2 |       ||     7
       Tomahawk          |       |     1 |     2 |       |       ||     3
       Javelin           |       |       |       |     1 |     3 ||     4
Invok: Upheaval          |       |       |       |       |     4 ||     4
 Abil: Stop Flying       |       |       |       |     1 |       ||     1
Evoke: Wand              |       |       |     5 |    11 |    17 ||    33
  Use: Scroll            |       |     9 |    14 |    10 |     9 ||    42
       Potion            |       |     1 |     1 |       |     4 ||     6
 Stab: Held in net/web   |       |       |     2 |     2 |       ||     4
  Eat: Chunk             |       |     9 |    15 |    22 |     8 ||    54
       Beef jerky        |       |       |     1 |     1 |     5 ||     7
       Pizza             |       |       |     1 |       |       ||     1
       Royal jelly       |       |       |       |     1 |       ||     1

Action                   |  1- 3 |  4- 6 |  7- 9 | 10-12 | 13-15 || total
-------------------------+-------+-------+-------+-------+-------++-------
Melee: War axe           |    91 |   156 |   386 |       |       ||   633
       Broad axe         |       |       |    79 |    93 |       ||   172
       Battleaxe         |       |       |       |   224 |       ||   224
       Executioner's axe |       |       |       |   333 |   483 ||   816
 Fire: Blowgun           |       |       |     2 |     4 |     6 ||    12
Throw: Throwing net      |       |     2 |     3 |     2 |       ||     7
       Tomahawk          |       |     1 |     2 |       |       ||     3
       Javelin           |       |       |       |     1 |     3 ||     4
Invok: Upheaval          |       |       |       |       |     4 ||     4
 Abil: Stop Flying       |       |       |       |     1 |       ||     1
Evoke: Wand              |       |       |     5 |    11 |    17 ||    33
  Use: Scroll            |       |     9 |    14 |    10 |     9 ||    42
       Potion            |       |     1 |     1 |       |     4 ||     6
 Stab: Held in net/web   |       |       |     2 |     2 |       ||     4
  Eat: Chunk             |       |     9 |    15 |    22 |     8 ||    54
       Beef jerky        |       |       |     1 |     1 |     5 ||     7
       Pizza             |       |       |     1 |       |       ||     1
       Royal jelly       |       |       |       |     1 |       ||     1
